Unix NetHack Version 5.0.0-0 post-release - last build May  4 2026 22:22:43 (774f63e81ad911689b3a0859ea89b322d5daca8d,branch:main).

Game began 2026-05-07 05:04:00, ended 2026-05-07 06:49:05.

2462064111, neutral female human Barbarian

                            -----------             ---------      --------
                            |.........|             |.......|      |......|
    ------                 #......)...|             |.......-######.....`.|
    |....|                 #|(........|             |.......|#     |.d....|
    |....|                 #|.........|             |.......|##    |......|
    |.....############     #|.........|             |.%.....|##    -.------
    |..^.|           #     #-.---------             |.......|##     ####
    |.....######     ################%######        -----.-.-###       ##
    -.----     ##            #       #     ################    ##       ##
     ###################   #####     #                  ##      ##-------|-
                  ######-----# ####  ##              #####       #|.......|
                       #..>.|#   -.---.---          ##   #       #........|
                        |....#   |.......|        --|----|--      |.......|
                        |..Z|    |........##      |........|      |.......|
                        -----    |.......| #######-.@f.....|      ---------
                                 ---------        |........|
                                                  ----------

2462064111 the Pillager    St:18 Dx:17 Co:18 In:8 Wi:9 Ch:6  Neutral
Dlvl:1  $:83 HP:43(43) Pw:9(9) AC:7  Xp:3 T:1868 

Latest messages:
 You don't have that object.
 What do you want to drop? [$cf-j or ?*] c
 You cannot drop something you are wearing.
 What do you want to drop? [$cf-j or ?*] f
 You drop an axe.
 Your movements are now unencumbered.
 You climb up the stairs.
 You climb up the stairs.
 You see here a chest.
 What do you want to use or apply? [*] D
 You don't have that object.
 What do you want to use or apply? [*] k
 You don't have that object.
 What do you want to use or apply? [*] k
 You don't have that object.
 What do you want to use or apply? [*] *
 What do you want to use or apply? [*] i
 Sorry, I don't know how to use that.
 You swap places with your kitten.
 You see here a chest.
 In what direction? 4
 You kick a chest.
 THUD!
 You hear a muffled shatter.
 You see here a chest.
 In what direction? 4
 You kick a chest.
 THUD!
 You hear a muffled shatter.
 In what direction? 4
 You kick a chest.
 THUD!
 The lid slams open, then falls shut.
 In what direction? 4
 You kick an unlocked chest.
 THUD!
 You see here an unlocked chest.
 You have trouble lifting an unlocked chest.  Continue? [ynq] (q) n
 You have a little trouble removing a plain spellbook.  Continue? [ynq] (q) n
 Really step into that bear trap? [yn] (n) n
 You swap places with your kitten.
 Drink from the fountain? [yn] (n) y
 This water's no good!
 The fountain dries up!
 Beware, there will be no return!  Still climb? [yn] (n) y
 Do you want your possessions identified? [ynq] (y) n
 Do you want to see your attributes? [ynq] (y) n
 Do you want an account of creatures vanquished? [ynaq] (y) n
 Do you want to see your conduct and achievements? [ynq] (y) n
 Do you want to see the dungeon overview? [ynq] (y) n

Inventory:
 Coins    ('$')
  $ - 83 gold pieces
 Weapons  (')')
  g - 7 +0 crossbow bolts (wielded)
  i - 7 +0 darts
 Armor    ('[')
  c - a cursed +0 ring mail (being worn)
  h - an uncursed +1 studded leather armor
 Comestibles  ('%')
  j - an uncursed large kobold corpse

2462064111 the Barbarian's attributes:

Background:
 You were a Pillager, a level 3 female human Barbarian.
 You were neutral, nominally on a mission for Crom
 who was opposed by Mitra (lawful) and Set (chaotic).
 You were right-handed.
 You were in the Dungeons of Doom, on level 1.
 You entered the dungeon 1868 turns ago.
 You had 55 experience points, 25 more were needed to attain level 4.

Basics:
 You had all 43 hit points.
 You had all 9 energy points (spell power).
 Your armor class was 7.
 Your wallet contained 83 zorkmids.
 Autopickup was off.

Final Characteristics:
 Your strength was 18 (limit:18/100).
 Your dexterity was 17 (limit:18).
 Your constitution was 18 (limit:18).
 Your intelligence was 8 (limit:18).
 Your wisdom was 9 (limit:18).
 Your charisma was 6 (limit:18).

Final Status:
 You weren't hungry.
 You were unencumbered.
 You were wielding bolts.

Final Attributes:
 You were devoutly aligned.
 You were poison resistant.
 You were warded.
 You survived.

Miscellaneous:
 You didn't encounter any bones levels.
 Total elapsed playing time was 1 hour, 31 minutes and 59 seconds.

Major events:
 Turn
    1: 2462064111 the neutral female human Barbarian entered the dungeon
 1575: attained the rank of Pillager (level 3)
 1868: escaped

You didn't know any spells.

Skills:
 Fighting Skills
   bare handed combat [Basic]
   two weapon combat  [Unskilled]
   riding             [Unskilled]
 Weapon Skills
   dagger             [Unskilled]
   axe                [Basic]
   pick-axe           [Unskilled]
   short sword        [Unskilled]
   broadsword         [Unskilled]
   long sword         [Unskilled]
   two-handed sword   [Basic]
   saber              [Unskilled]
   club               [Unskilled]
   mace               [Unskilled]
   morning star       [Unskilled]
   flail              [Unskilled]
   hammer             [Unskilled]
   quarterstaff       [Unskilled]
   spear              [Unskilled]
   trident            [Unskilled]
   bow                [Unskilled]
 Spellcasting Skills
   attack spells      [Unskilled]
   escape spells      [Unskilled]

Voluntary challenges:
 Character rerolling was not enabled.
 You were an atheist.
 You were illiterate.
 You never genocided any monsters.
 You never polymorphed an object.
 You never changed form.
 You used no wishes.
Achievements:
 You entered a shop.
 You attained the rank of Pillager.

 The Dungeons of Doom: levels 1 to 5
    Level 1: <- You left from here.
    Level 2:
       A scroll shop, a fountain.
    Level 3:
    Level 4:
       A weapon shop, an altar, a fountain, a sink.
    Level 5:
       A fountain.


Vanquished creatures:
 an orc zombie
 an acid blob
  2 large kobolds
  a yellow mold
  a gecko
  5 jackals
  2 goblins
  3 grid bugs
  3 lichens
  a kobold zombie
  6 newts
26 creatures vanquished.

No species were genocided or became extinct.

Goodbye 2462064111 the Barbarian...

You and the kitten
escaped from the dungeon with 513 points,
and 83 pieces of gold, after 1868 moves.
You were level 3 with a maximum of 43 hit points when you escaped.

